 Dungeon Crawl Stone Soup version 0.31-a0-188-g5e087ee2ca (webtiles) character file.

Game seed: 62986583709425292

23 qw the Shooter (level 2, 0/16 HPs)
             Began as a Deep Elf Hunter on June 22, 2023.
             Succumbed to their own poison gas
             ... on level 1 of the Dungeon.
             The game lasted 00:00:17 (727 turns).

qw the Shooter (Deep Elf Hunter)                     Turns: 727, Time: 00:00:17

Health: 0/16       AC:  3    Str:  8    XL:     2   Next: 72%
Magic:  4/4        EV: 12    Int: 13    God:
Gold:   95         SH:  0    Dex: 18    Spells: 1/1 levels left

rFire   . . .        Y - +1 shortbow
rCold   . . .        (shield currently unavailable)
rNeg    . . .        c - +0 leather armour
rPois   .            (no helmet)
rElec   .            (no cloak)
rCorr   .            (no gloves)
SInv    .            (no boots)
Will    .....        (no amulet)
Stlth   ++           (no ring)
HPRegen 0.22/turn    (no ring)
MPRegen 0.09/turn

%: no passive effects
@: lethally poisoned (0 -> -3)
A: no striking features
a: no special abilities


You were on level 1 of the Dungeon.
You visited 1 branch of the dungeon, and saw 1 of its levels.

You collected 95 gold pieces.


   Skills:
 - Level 1.5 Fighting
 + Level 6.4 Ranged Weapons
 - Level 2.4 Dodging
 - Level 1.2 Stealth


You had one spell level left.
You didn't know any spells.
Your spell library was empty.

Inventory:

Hand Weapons
 Y - a +1 shortbow (weapon)
Armour
 c - a +0 leather armour (worn)

Dungeon Overview and Level Annotations

Branches:
Dungeon (1/15)

Altars:


Message History

It was a scroll of poison.
Done exploring.
718 ||| READING scroll labelled ROENUCS HYBECESE.
As you read the scroll labelled ROENUCS HYBECESE, it dissolves into smoke.
It was a scroll of fog.
Done exploring.
719 ||| DROPPING scroll of butterflies.
You drop a scroll of butterflies.
Done exploring.
(D) Dungeon
Where to? (* - list waypoints, ? - help)
What level of the Dungeon? (default 1, ? - help) Sorry, I don't know how to get there.
Enter note:
Enter note:
Enter note:
Enter note:
Enter note:
Enter note:
Enter note:
Enter note:
Enter note: Really walk into that cloud of poison gas?
You are engulfed in poison gas.
You are lethally poisoned!
You feel very sick.
721 ||| Stepping ~*~*~tactically~*~*~ (cloud).
You feel very sick.
You see here a scroll of butterflies.
There is a lethal amount of poison in your body!
You feel very sick.
There is a lethal amount of poison in your body!
You feel sick.
There is a lethal amount of poison in your body!
You feel sick.
There is a lethal amount of poison in your body!
You feel sick.
There is a lethal amount of poison in your body!
You feel sick.
There is a lethal amount of poison in your body!
You die...

#### #... #.## #.# #########
#.# ........# ##### #.#
#######.# ##@0.## ##.##
##.#######0###.#########....
#.......¤0¤# #............##
###..#######0###.##########.#
#.......(..¤0...........# #.#
####....########.###.#####.#
#.## ...#....########.# #.#
#.# #... ...........[.....#
#.# #.######
...##...#####....# #.#
#.......


There were no monsters in sight!

Vanquished Creatures
  2 endoplasms (D:1)
  2 giant cockroaches (D:1)
  A goblin (D:1)
  3 hobgoblins (D:1)
  3 jackals (D:1)
  4 kobolds (D:1)
  2 quokkas (D:1)
  A ball python (D:1)
  A rat (D:1)
19 creatures vanquished.

Notes
Turn   | Place    | Note
-------+----------+-------------------------------------------
     0 | D:1      | qw the Deep Elf Hunter began the quest for the Orb.
     0 | D:1      | Reached XP level 1. HP: 12/12 MP: 3/3
     0 | D:1      | 0 ||| qw: Version: 0.3-a-9-g12657ce
     0 | D:1      | 0 ||| qw: Game counter: 2994
     0 | D:1      | 0 ||| qw: Always use a shield: true
     0 | D:1      | 0 ||| qw: God list: Okawaru
     0 | D:1      | 0 ||| qw: Allow faded altars: false
     0 | D:1      | 0 ||| qw: Do Orc after D:15 true
     0 | D:1      | 0 ||| qw: Do second Lair branch before Depths: true
     0 | D:1      | 0 ||| qw: Lair rune preference: random
     0 | D:1      | 0 ||| qw: Plans: Normal
     0 | D:1      | 0 ||| PLANNING D:1-11
   128 | D:1      | Reached skill level 6 in Ranged Weapons
   128 | D:1      | Reached XP level 2. HP: 13/16 MP: 4/4
   130 | D:1      | 130 ||| FLEEEEING.
   131 | D:1      | 131 ||| FLEEEEING.
   132 | D:1      | 132 ||| FLEEEEING.
   133 | D:1      | 133 ||| FLEEEEING.
   134 | D:1      | 134 ||| FLEEEEING.
   135 | D:1      | 135 ||| FLEEEEING.
   715 | D:1      | 715 ||| READING scroll labelled OSIWKIG BUGG.
   716 | D:1      | 716 ||| READING scroll labelled AQY CONTOSUOZA.
   717 | D:1      | 717 ||| READING scroll labelled RISTRI HURI.
   718 | D:1      | 718 ||| READING scroll labelled ROENUCS HYBECESE.
   719 | D:1      | 719 ||| DROPPING scroll of butterflies.
   721 | D:1      | 721 ||| Stepping ~*~*~tactically~*~*~ (cloud).
   723 | D:1      | HP: 4/16 [poisoned by you (poison gas)]
   726 | D:1      | HP: 1/16 [poisoned by you (poison gas)]
   727 | D:1      | Succumbed to their own poison gas

Levels and vault maps discovered:
D:1:      wander_arrival_lonely_grave, layout_loops_ring

Skill      XL: |  1 |
---------------+----+-----
Ranged Weapons | 6 |  6.4
Fighting       | |  1.5
Dodging        | |  2.4
Stealth        | |  1.2

Action                     || total
---------------------------++-------
   Fire: Shortbow          ||    62
    Use: Scroll            ||     4
 Armour: Leather armour    ||     2
  Dodge: Dodged            ||    17

Table legend:
 A = Non-vault XP
 B = Vault XP
 C = Vault XP percentage of total XP
 D = Non-vault monster count
 E = Vault monster count
 F = Vault count percentage of total count
                 A         B        C        D         E       F
            +---------+---------+-------+---------+---------+-------
      Total |      33 |       0 |   0.0 |      19 |       0 |   0.0
            +---------+---------+-------+---------+---------+-------
        D:1 |      33 |       0 |   0.0 |      19 |       0 |   0.0
            +---------+---------+-------+---------+---------+-------
